 Dungeon Crawl Stone Soup version 0.31-a0-851-g7ff8af7976 (webtiles) character file.

Game seed: 10484530799684455393

1669 BinkBink the Summoner (level 8, 0/41 HPs)
             Began as a Deep Elf Summoner on Oct 5, 2023.
             Was an Initiate of Hepliaklqana.
             Succumbed to a killer bee's poison
             ... on level 7 of the Dungeon.
             The game lasted 00:13:25 (5856 turns).

BinkBink the Summoner (Deep Elf Summoner)           Turns: 5856, Time: 00:13:25

Health: 0/41       AC:  2    Str:  3 (5)  XL:     8   Next: 69%
Magic:  17/23      EV: 12    Int: 22 (23) God:    Hepliaklqana [......]
Gold:   245        SH:  0    Dex: 14 (15) Spells: 16/25 levels left

rFire   . . .        e - +2 dagger (speed)
rCold   . . .        (no shield)
rNeg    . . .        a - +0 robe
rPois   .            (no helmet)
rElec   .            (no cloak)
rCorr   .            (no gloves)
SInv    .            (no boots)
Will    .....        (no amulet)
Stlth   ++           (no ring)
HPRegen 0.26/turn    (no ring)
MPRegen 0.18/turn

%: no passive effects
@: lethally poisoned (0 -> -19), about to teleport, marked
A: no striking features
a: Renounce Religion


You were on level 7 of the Dungeon.
You worshipped Hepliaklqana.
Hepliaklqana was noncommittal.
You visited 1 branch of the dungeon, and saw 6 of its levels.

You collected 245 gold pieces.

Inventory:

Hand Weapons
 e - a +2 dagger of speed (weapon)
Armour
 a - a +0 robe (worn)
Magical Staves
 w - a staff of cold
Jewellery
 v - a +6 ring of strength
Talismans
 r - a maw talisman
Wands
 m - a wand of mindburst (12)
 t - a wand of flame (8)
Scrolls
 c - 2 scrolls of enchant armour {unknown}
 d - 2 scrolls of teleportation
 f - a scroll of amnesia {unknown}
 g - a scroll of fog {unknown}
 h - a scroll of immolation {unknown}
 i - 3 scrolls of identify {unknown}
 j - a scroll of revelation {unknown}
 k - a scroll of enchant weapon {unknown}
 l - a scroll of torment {unknown}
 u - a scroll of fear {unknown}
Potions
 b - 2 potions of magic
 n - a potion of lignification {unknown}
 o - a potion of curing {unknown}
 p - a potion of berserk rage {unknown}
 q - 2 potions of degeneration
 s - a potion of heal wounds {unknown}


   Skills:
 - Level 2.4 Dodging
 - Level 2.4 Stealth
 + Level 9.0 Spellcasting
 * Level 10.8 Summonings


You had 16 spell levels left.
You knew the following spells:

 Your Spells              Type           Power      Damage    Failure   Level
a - Summon Small Mammal   Summ           100%       N/A       1%          1
b - Call Imp              Summ           100%       N/A       1%          2
c - Call Canine Familiar  Summ           55%        N/A       1%          3
d - Summon Guardian Gole  Hex/Summ       33%        N/A       2%          3

Your spell library contained the following spells:

 Spells                   Type           Power      Damage    Failure   Level
 Summon Lightning Spire   Summ/Air       33%        N/A       7%          4
 Blink                    Tloc           18%        N/A       10%         2
 Ensorcelled Hibernation  Hex/Ice        18%        N/A       10%         2
 Lesser Beckoning         Tloc           18%        N/A       10%         2
 Momentum Strike          Conj/Tloc      18%        3d8       10%         2
 Passwall                 Tmut/Erth      7%         N/A       10%         2
 Swiftness                Air            9%         N/A       21%         3


Dungeon Overview and Level Annotations

Branches:
Dungeon (7/15)
 Temple: D:4-7

Altars:
Ashenzari
Fedhas
Hepliaklqana
Sif Muna
Trog
Uskayaw
Xom

Shops:
D:6 [

Annotations:
D:4 3 runed translucent doors, Opifex's ghost, amateur OpHu
D:6 exclusion: oklob plant


Message History

The killer bee stings you!
Your Spellcasting skill increases to level 9!
There is an open door, spattered with blood here.
The killer bee stings your cerulean imp.
The howler monkey hits your guardian golem but does no damage.
Your cerulean imp barely misses the killer bee.
The howler monkey hits your guardian golem.
Your guardian golem overheats!
The killer bee barely misses you.
Your warg closely misses the howler monkey.
An orc comes into view. It is wielding a +0 club.
The killer bee attacks as it pursues you!
The killer bee stings you.
You are poisoned.
The killer bee poisons you!
Your cerulean imp misses the killer bee.
Your warg bites the howler monkey.
The howler monkey hoots and howls with incredible vigour!
An orc comes into view. It is wielding a +0 club.
You feel very sick.
Your cerulean imp dies!
Your cerulean imp disappears in a puff of smoke!
The killer bee closely misses you. The killer bee completely misses you.
Your warg barely misses the howler monkey.
The killer bee barely misses you.
As you read the scroll labelled MIRYBY EG UBBU, it crumbles to dust.
You feel strangely unstable.
It was a scroll of teleportation.
You feel sick. The killer bee closely misses you. The killer bee stings you!
You are more poisoned.
The killer bee poisons you! The killer bee barely misses you.
The killer bee stings you.
You are lethally poisoned!
The killer bee poisons you! The killer bee stings you!
* * * LOW HITPOINT WARNING * * *
The killer bee closely misses you. The killer bee stings you.
* * * LOW HITPOINT WARNING * * *
It was a potion of degeneration.
There was something very wrong with that liquid.
You feel weakened.
You feel dopey.
You feel clumsy.
You die...

...... ..... .... ...
.. .. ... ####### #[#
...#
#.....####.##...##
#....#.y@......!.
#....#.yyy.......
#....'.9h........
#....#.h§........
#....#..J........
#....#..§o.......
######...####.##.##..
##...##...####y# .#
#....'o.....#...


You could see a howler monkey (ally target), a jelly, 5 killer bees, an orc, a
friendly guardian golem (summoned, inner flame) and a friendly warg (summoned,
sheltered).

Vanquished Creatures
  A giant cockroach (D:1)
1 creature vanquished.

Vanquished Creatures (collateral kills)
  Sigmund (D:6)
  Edmund (D:4)
  A water moccasin (D:5)
  An ice beast (D:6)
  An orc warrior (D:6)
  A sky beast (D:6)
  An ogre (D:5)
  A kobold brigand (D:7)
  2 scorpions (D:5)
  A killer bee (D:7)
  3 hounds
  7 jellies (D:6)
  4 iguanas
  5 orc wizards (D:6)
  2 sleepcaps (D:4)
  5 adders
  A shadow imp (D:5)
  A dart slug (D:1)
  4 orcs
  16 endoplasms
  2 giant cockroaches (D:1)
  6 goblins
  4 hobgoblins
  5 quokkas
  6 ball pythons
  4 bats (D:1)
  2 frilled lizards (D:1)
  10 kobolds
  3 rats (D:1)
101 creatures vanquished.

Grand Total: 102 creatures vanquished

Notes
Turn   | Place    | Note
-------+----------+-------------------------------------------
     0 | D:1      | BinkBink the Deep Elf Summoner began the quest for the Orb.
     0 | D:1      | Reached XP level 1. HP: 10/10 MP: 6/6
   168 | D:1      | Found a faded altar of an unknown god.
   227 | D:1      | Reached XP level 2. HP: 15/15 MP: 2/8
   230 | D:1      | Learned a level 2 spell: Call Imp
   585 | D:1      | Reached skill level 5 in Summonings
   832 | D:1      | Reached XP level 3. HP: 19/19 MP: 6/10
  1513 | D:1      | Learned a level 3 spell: Call Canine Familiar
  1682 | D:2      | You fall into a shaft and drop 2 floors!
  1742 | D:4      | Reached XP level 4. HP: 19/24 MP: 0/12
  1837 | D:4      | Noticed Edmund
  2026 | D:4      | Found a broken altar of Ashenzari.
  2119 | D:4      | Killed Edmund
  2120 | D:4      | Reached skill level 5 in Spellcasting
  2120 | D:4      | Reached skill level 6 in Summonings
  2120 | D:4      | Reached XP level 5. HP: 28/28 MP: 2/14
  2212 | D:4      | Found a runed translucent gate.
  2212 | D:4      | Found a runed translucent gate.
  2240 | D:4      | Found a shimmering altar of Xom.
  2354 | D:4      | Found a bloodstained altar of Trog.
  2576 | D:4      | Found a runed translucent gate.
  2578 | D:4      | Noticed Opifex's ghost (amateur OpHu)
  2699 | D:4      | Reached skill level 7 in Summonings
  2699 | D:4      | Reached XP level 6. HP: 32/32 MP: 12/16
  2928 | D:4      | Learned a level 3 spell: Summon Guardian Golem
  2948 | D:5      | Entered Level 5 of the Dungeon
  3030 | D:5      | Noticed a water moccasin
  3042 | D:5      | Killed a water moccasin
  3043 | D:5      | Reached skill level 8 in Summonings
  3043 | D:5      | Reached XP level 7. HP: 36/36 MP: 9/18
  3361 | D:5      | Found a hazy altar of Hepliaklqana.
  3369 | D:5      | Became a worshipper of Hepliaklqana the Forgotten
  4018 | D:6      | Noticed Sigmund
  4337 | D:6      | Found Ydyupaur's Armour Shoppe.
  4385 | D:6      | Noticed an oklob plant
  4416 | D:6      | Reached skill level 9 in Summonings
  4586 | D:6      | Found a blossoming altar of Fedhas.
  4768 | D:6      | Reached XP level 8. HP: 41/41 MP: 1/21
  4892 | D:6      | Found a shimmering blue altar of Sif Muna.
  5191 | D:6      | Killed Sigmund
  5192 | D:6      | Reached skill level 10 in Summonings
  5260 | D:6      | Noticed a +0 short sword
  5260 | D:6      | Noticed a +0 spear
  5260 | D:6      | Noticed a +0 falchion
  5261 | D:6      | Noticed a +0 dagger
  5261 | D:6      | Noticed a +0 falchion
  5261 | D:6      | Noticed a +0 spear
  5262 | D:6      | Noticed a +0 dagger
  5263 | D:6      | Noticed a +0 short sword
  5545 | D:6      | Found a hide-covered altar of Uskayaw.
  5856 | D:7      | Succumbed to a killer bee's poison

Illustrated notes

Levels and vault maps discovered:
D:1:      dpeg_arrival_simpleton_c, layout_basic,
          shapermc_ecumenical_altar_mp_ritualfount, minmay_hexomino_u4
D:2:      layout_basic
D:4:      layout_basic, xom_teletrap_fun, nicolae_ashenzari_panopticon,
          mainiacjoe_overflow_surrounded_room, gammafunk_ghost_necromancy,
          uniq_edmund
D:5:      layout_loops_ring, lemuel_round_altar, st_stairs_3
D:6:      lemuel_slime, layout_basic, kennysheep_orc_sif_temple,
          nicolae_uskayaw_en_pointe, mainiacjoe_overflow_catwalk, serial_shops,
          shop, uniq_sigmund
D:7:      layout_gridville, nicolae_qazlal_style_of_elements, temple_hall,
          nrook_mini_vaults, guppyfry_shop_venom

Skill      XL: |  1  2  3  4  5  6  7  8 |
---------------+-------------------------+-----
Summonings     | 5 6 7 8 9 10 | 10.8
Spellcasting   | 4 5 6 7 9 |  9.0
Dodging        | |  2.4
Stealth        | |  2.4

Action                     |  1- 3 |  4- 6 |  7- 9 || total
---------------------------+-------+-------+-------++-------
  Melee: Dagger            |     3 |     5 |     3 ||    11
   Cast: Summon Small Mamm |    62 |    19 |    31 ||   112
         Call Imp          |    21 |    12 |    24 ||    57
         Call Canine Famil |     1 |     9 |    26 ||    36
         Summon Guardian G |       |       |     6 ||     6
    Use: Scroll            |       |       |     1 ||     1
         Potion            |       |       |     1 ||     1
 Armour: Robe              |     9 |     4 |    11 ||    24
  Dodge: Dodged            |     5 |     4 |    20 ||    29

Table legend: (Time is in decaauts)
 A = Elapsed time spent in this place.
 B = Non-inter-level travel time spent in this place.
 C = Inter-level travel time spent in this place.
 D = Time resting spent in this place.
 E = Time spent auto-exploring this place.
 F = Levels seen in this place.
 G = Mean time per level.
                   A        B        C        D        E       F      G
               +--------+--------+--------+--------+--------+-----+--------+
         Total |   5857 |   5542 |    315 |      0 |   4530 |   6 |  976.2 |
       Dungeon |   5857 |   5542 |    315 |      0 |   4530 |   6 |  976.2 |
               +--------+--------+--------+--------+--------+-----+--------+

Top non-repeatable levels by time:
     D:1: 1582 daAuts
     D:6: 1565 daAuts
     D:4: 1264 daAuts
     D:5: 1223 daAuts
     D:7: 123 daAuts
     D:2: 98 daAuts
